 Dungeon Crawl Stone Soup version 0.21.1-1-g345015fe64 (webtiles) character file.

13045 Peloso the Carver (level 11, -2/97 HPs)
             Began as a Minotaur Fighter on July 1, 2018.
             Was a High Priest of Okawaru.
             Succumbed to barbed spike wounds
             ... on level 12 of the Dungeon.
             The game lasted 00:27:12 (11628 turns).

Peloso the Carver (Minotaur Fighter)               Turns: 11628, Time: 00:27:13

Health: -2/97      AC: 19    Str: 27    XL:     11   Next: 70%
Magic:  10/10      EV:  9    Int:  5    God:    Okawaru [*****.]
Gold:   564        SH: 14    Dex: 12    Spells: 10/10 levels left

rFire    . . .     SeeInvis +   H - +1 falchion (freeze)
rCold    . . .     Gourm    .   c - +1 shield
rNeg     . . .     Faith    .   p - +0 plate armour
rPois    .         Spirit   .   (helmet restricted)
rElec    .         Reflect  .   A - +0 cloak
rCorr    .         Harm     .   z - +2 pair of gloves
MR       .....                  (no boots)
Stlth    ..........             (no amulet)
HPRegen  0.26/turn              l - ring of flight
MPRegen  0.12/turn              C - ring of see invisible

@: mighty, barbed spikes
A: retaliatory headbutt, horns 2
a: Heroism, Finesse, Renounce Religion, Evoke Flight


You were on level 12 of the Dungeon.
You worshipped Okawaru.
Okawaru was extremely pleased with you.
You were hungry.

You visited 2 branches of the dungeon, and saw 13 of its levels.

You collected 762 gold pieces.
You spent 198 gold pieces at shops.

Inventory:

Hand Weapons
 F - a +2 rapier of flaming
 H - a +1 falchion of freezing (weapon)
Armour
 c - a +1 shield (worn)
 p - a +0 plate armour (worn)
 z - a +2 pair of gloves (worn)
 A - a +0 cloak (worn)
Jewellery
 l - a ring of flight (left hand)
 C - a ring of see invisible (right hand)
Wands
 a - a wand of flame (11)
 i - a wand of random effects (14)
 q - a wand of iceblast (15)
 u - a wand of polymorph (15)
 B - a wand of acid (8)
 D - a wand of enslavement (14)
 E - a wand of digging (13)
Scrolls
 h - 9 scrolls of identify
 j - 5 scrolls of remove curse
 k - 6 scrolls of teleportation
 n - 2 scrolls of blinking
 r - 4 scrolls of fog
 t - a scroll of magic mapping
 v - 2 scrolls of amnesia
 x - 4 scrolls of fear
 y - 2 scrolls of enchant armour
 G - 2 scrolls of enchant weapon {unknown}
Potions
 e - 2 potions of heal wounds
 g - 3 potions of flight
 m - a potion of mutation
 o - 3 potions of agility
 s - a potion of brilliance
 w - a potion of haste {unknown}
Comestibles
 f - 28 rations


   Skills:
 + Level 9.2 Fighting
 + Level 1.8(8.1) Short Blades
 + Level 13.0(13.1) Long Blades
 + Level 9.9 Armour
 + Level 4.1 Dodging
 + Level 0.3 Stealth
 + Level 12.5 Shields
 + Level 1.2 Invocations
 + Level 0.1 Evocations


You had 10 spell levels left.
You didn't know any spells.

Dungeon Overview and Level Annotations

Branches:
Dungeon (12/15)            Temple (1/1) D:7            Lair (0/6) D:11
    Orc (0/2) D:11

Altars:
Cheibriados
Dithmenos
Fedhas
Gozag
Kikubaaqudgha
Makhleb
Nemelex Xobeh
Okawaru
Qazlal
Ru
Sif Muna
Trog
Uskayaw
Vehumet
Wu Jian
Xom
Yredelemnul
Zin
The Shining One

Shops:
D:11 [[:(   D:12 !


Innate Abilities, Weirdness & Mutations

You reflexively headbutt those who attack you in melee.
You have a pair of horns on your head.


Message History

The barbs in your skin will harm you if you move.
Continue? [Y]es or [N]o only, please.
The barbs in your skin will harm you if you move.
Continue?
The barbed spikes dig painfully into your body as you move.
* * * LOW HITPOINT WARNING * * *
You hear a distant slurping noise.
The barbed spikes dig painfully into your body as you move.
* * * LOW HITPOINT WARNING * * *
The barbed spikes dig painfully into your body as you move.
* * * LOW HITPOINT WARNING * * *
There is an open door here.
You feel much better.
The manticore flicks its tail.
The volley of spikes hits you!
The barbed spikes become lodged in your body.
* * * LOW HITPOINT WARNING * * *
The barbed spikes dig painfully into your body as you move.
* * * LOW HITPOINT WARNING * * *
The barbed spikes dig painfully into your body as you move.
You die...

#†# #O# ##H# ###..#
#...## #####o###
###...H..#
###.'......#
#.@.#......#######.
###.###......).....'.
+..<# #......#######.
##### #......#
##+#####


You could see a manticore and an orc wizard.

Vanquished Creatures
  The ghost of Beholder179 the Slinger, a journeyman HuHu of Gozag (D:12)
  A hydra (D:10)
  3 two-headed ogres
  An unseen horror (D:11)
  An ugly thing (D:12)
  A centaur zombie (D:11)
  The ghost of tidbits the Grave Robber, a novice GnNe of Cheibriados (D:9)
  A kobold demonologist (D:11)
  A tengu conjurer (D:11)
  2 trolls
  2 hippogriffs (D:9)
  2 dream sheep (D:10)
  A wraith (D:11)
  6 yaks
  A wyvern (D:11)
  A hungry ghost (D:7)
  A water moccasin (D:10)
  A hornet zombie (D:8)
  5 orc warriors
  A sky beast (D:9)
  3 phantoms
  4 ice beasts
  A black bear (D:7)
  2 ogres
  3 centaurs
  6 big kobolds
  4 bullfrogs
  A gnoll sergeant (D:10)
  A wyvern skeleton (D:8)
  2 scorpions
  A water moccasin skeleton (D:6)
  10 killer bees
  The ghost of tidbits the Charmwright, a weakling GnSk (D:4)
  A howler monkey (D:5)
  4 wights (D:11)
  5 crimson imps
  2 bullfrog zombies
  5 hounds
  5 jellies
  Crazy Yiuf (D:7)
  9 orc priests
  13 orc wizards
  3 worker ants
  3 hound skeletons
  A worker ant zombie (D:5)
  8 gnolls
  17 adders
  A shadow imp (D:10)
  2 oozes (D:3)
  An adder skeleton (D:4)
  5 worms
  3 dart slugs
  4 leopard geckos
  44 orcs
  2 ball pythons
  8 bats
  5 giant cockroaches
  7 hobgoblins
  13 jackals
  18 kobolds
  3 quokkas
  8 frilled lizards
  6 goblins
  A jackal skeleton (D:5)
  2 jackal zombies
  7 rats
  2 fungi (D:7)
  2 plants (D:11)
294 creatures vanquished.

Vanquished Creatures (others)
  A fungus (D:9)
1 creature vanquished.

Grand Total: 295 creatures vanquished

Notes
Turn   | Place    | Note
-------+----------+-------------------------------------------
     0 | D:1      | Peloso the Minotaur Fighter began the quest for the Orb.
     0 | D:1      | Reached XP level 1. HP: 19/19 MP: 0/0
   219 | D:1      | Reached XP level 2. HP: 27/27 MP: 1/1
   864 | D:2      | Reached skill level 3 in Long Blades
   878 | D:2      | Reached XP level 3. HP: 31/33 MP: 2/2
  1291 | D:2      | Reached XP level 4. HP: 38/40 MP: 3/3
  1410 | D:2      | Reached skill level 1 in Dodging
  1835 | D:3      | Reached skill level 4 in Long Blades
  1835 | D:3      | Reached XP level 5. HP: 14/46 MP: 4/4
  2099 | D:3      | Reached skill level 5 in Shields
  2215 | D:3      | Found a bloodstained altar of Trog.
  2218 | D:3      | Found a sparkling altar of Nemelex Xobeh.
  2221 | D:3      | Found a shimmering altar of Xom.
  2304 | D:3      | Found a radiant altar of Vehumet.
  2506 | D:3      | Reached XP level 6. HP: 35/53 MP: 5/5
  2876 | D:4      | Reached skill level 5 in Long Blades
  3056 | D:4      | Noticed tidbits's ghost (weakling GnSk)
  3064 | D:4      | Killed tidbits's ghost
  3073 | D:4      | Reached skill level 5 in Armour
  3073 | D:4      | Reached XP level 7. HP: 59/60 MP: 6/6
  3423 | D:5      | Entered Level 5 of the Dungeon
  4200 | D:6      | Reached skill level 6 in Long Blades
  4297 | D:6      | Reached XP level 8. HP: 54/67 MP: 7/7
  4553 | D:6      | Reached skill level 5 in Fighting
  5345 | D:7      | Reached skill level 7 in Long Blades
  5521 | D:7      | Found a glowing silver altar of Zin.
  5521 | D:7      | Found an ornate altar of the Wu Jian Council.
  5633 | D:7      | Found a staircase to the Ecumenical Temple.
  5692 | Temple   | Entered the Ecumenical Temple
  5708 | Temple   | Became a worshipper of Warmaster Okawaru
  5906 | D:7      | Reached skill level 8 in Long Blades
  6163 | D:7      | Found a runed door.
  6378 | D:7      | Noticed Crazy Yiuf
  6386 | D:7      | Killed Crazy Yiuf
  6424 | D:8      | Found a snail-covered altar of Cheibriados.
  6458 | D:8      | Found a shadowy altar of Dithmenos.
  6873 | D:8      | Reached XP level 9. HP: 75/75 MP: 8/8
  6965 | D:8      | Reached * piety under Okawaru
  7287 | D:8      | Reached skill level 9 in Long Blades
  8234 | D:9      | Noticed tidbits's ghost (novice GnNe)
  8245 | D:9      | Killed tidbits's ghost
  8245 | D:9      | Reached ** piety under Okawaru
  8245 | D:9      | Reached skill level 10 in Long Blades
  8423 | D:9      | Found a blossoming altar of Fedhas.
  8426 | D:9      | Found a stormy altar of Qazlal.
  8722 | D:9      | Found a deep blue altar of Sif Muna.
  8989 | D:10     | Entered Level 10 of the Dungeon
  9003 | D:9      | Reached XP level 10. HP: 78/86 MP: 9/9
  9094 | D:9      | Reached skill level 10 in Shields
  9546 | D:10     | Reached *** piety under Okawaru
  9557 | D:10     | Reached skill level 11 in Long Blades
  9743 | D:10     | Noticed a three-headed hydra
  9756 | D:10     | Killed a three-headed hydra
  9756 | D:10     | Reached skill level 1 in Short Blades
  9839 | D:10     | Reached **** piety under Okawaru
 10345 | D:11     | Noticed a two-headed ogre
 10360 | D:11     | Killed a two-headed ogre
 10360 | D:11     | Reached ***** piety under Okawaru
 10360 | D:11     | Reached XP level 11. HP: 72/94 MP: 8/10
 10421 | D:11     | Found a staircase to the Orcish Mines.
 10425 | D:11     | Found a staircase to the Lair.
 10459 | D:11     | Noticed an unseen horror
 10473 | D:11     | Killed an unseen horror
 10473 | D:11     | Received a gift from Okawaru
 10473 | D:11     | Reached skill level 12 in Long Blades
 10817 | D:11     | Found Xufasavu's Antique Weapon Boutique.
 10821 | D:11     | Bought a runed falchion for 198 gold pieces
 10831 | D:11     | Found Luvas's Book Shoppe.
 10850 | D:11     | Found Miurydoc's Antique Armour Shoppe.
 10998 | D:11     | Found Nihara's Antique Armour Shop.
 11275 | D:11     | Noticed a two-headed ogre
 11285 | D:11     | Killed a two-headed ogre
 11285 | D:11     | Reached skill level 1 in Invocations
 11487 | D:12     | Found Diwareto's Distillery.
 11487 | D:12     | Noticed a two-headed ogre
 11487 | D:12     | Noticed Beholder179's ghost (journeyman HuHu)
 11497 | D:12     | Killed a two-headed ogre
 11590 | D:12     | Noticed a green ugly thing
 11609 | D:12     | Killed Beholder179's ghost
 11609 | D:12     | Reached skill level 13 in Long Blades
 11614 | D:12     | Noticed a two-headed ogre
 11616 | D:12     | Killed a green ugly thing
 11627 | D:12     | HP: 3/97 [barbs]
 11628 | D:12     | Succumbed to barbed spike wounds

Skill      XL: |  1  2  3  4  5  6  7  8  9 10 11 |
---------------+----------------------------------+-----
Armour         | 4 5 7 8 9 |  9.9
Long Blades    | 3 4 5 6 8 10 11 13 | 13.0
Fighting       | 4 6 7 8 9 |  9.2
Shields        | 4 5 6 7 8 9 11 12 | 12.5
Dodging        | 1 2 3 4 |  4.1
Short Blades   | 1 |  1.8
Invocations    | 1 |  1.2
Stealth        | |  0.3
Evocations     | |  0.1

Action                   |  1- 3 |  4- 6 |  7- 9 | 10-12 || total
-------------------------+-------+-------+-------+-------++-------
Melee: Long sword        |    80 |   200 |   501 |   307 ||  1088
       Headbutt          |     8 |    36 |   118 |   111 ||   273
       Rapier            |       |       |       |    17 ||    17
       Falchion          |       |       |       |   212 ||   212
Invok: Heroism           |       |       |     1 |     6 ||     7
Evoke: Wand              |       |       |     2 |       ||     2
  Use: Scroll            |       |     6 |    10 |     3 ||    19
       Potion            |       |     3 |     5 |     3 ||    11
  Eat: Chunk             |     1 |     6 |    21 |     9 ||    37
       Ration            |       |       |     1 |       ||     1
Armor: Scale mail        |    66 |    33 |       |       ||    99
       Chain mail        |       |    54 |   106 |       ||   160
       Plate armour      |       |       |   169 |   186 ||   355
Dodge: Dodged            |    39 |    53 |   143 |    97 ||   332
Block: Shield            |    62 |   139 |   310 |   274 ||   785
       Rpst.: Long sword |    11 |    13 |    40 |    12 ||    76
       Falchion          |       |       |       |     9 ||     9
